 Dungeon Crawl Stone Soup version 0.31-a0-167-g1c394c0614 (webtiles) character file.

Game seed: 3317161737556468013

214 qw the Shooter (level 5, -7/33 HPs)
             Began as a Gargoyle Hunter on June 14, 2023.
             Mangled by an ogre
             ... wielding a +0 giant club
              (22 damage)
             ... on level 4 of the Dungeon.
             The game lasted 00:00:52 (2627 turns).

qw the Shooter (Gargoyle Hunter)                    Turns: 2627, Time: 00:00:53

Health: -7/33      AC:  7    Str: 21    XL:     5   Next: 92%
Magic:  5/5        EV: 12    Int:  9    God:
Gold:   38         SH:  0    Dex: 15    Spells: 4/4 levels left

rFire   . . .        Y - +2 shortbow
rCold   + . .        (shield currently unavailable)
rNeg    + . .        c - +0 leather armour
rPois   inf          (no helmet)
rElec   +            (no cloak)
rCorr   .            (no gloves)
SInv    .            (no boots)
Will    .....        (no amulet)
Stlth   ++           b - +6 ring of strength
HPRegen 0.25/turn    e - ring of protection from cold
MPRegen 0.09/turn

%: no passive effects
@: no status effects
A: sickness immunity, AC +4, negative energy resistance 1, electricity
resistance, torment resistance 1, petrification resistance
a: no special abilities


You were on level 4 of the Dungeon.
You visited 1 branch of the dungeon, and saw 4 of its levels.

You collected 108 gold pieces.
You spent 70 gold pieces at shops.


Innate Abilities, Weirdness & Mutations

You are immune to sickness and miasma.
Your stone body is resilient. (AC +4)
You are immune to poison.
You resist negative energy. (rN+)
You are resistant to electric shocks. (rElec)
You are resistant to unholy torment.
You are immune to petrification.


   Skills:
 - Level 4.0 Fighting
 + Level 6.1 Ranged Weapons
 - Level 1.5 Dodging
 - Level 1.1 Stealth


You had 4 spell levels left.
You didn't know any spells.
Your spell library was empty.

Inventory:

Hand Weapons
 Y - a +2 shortbow (weapon)
Armour
 c - a +0 leather armour (worn)
Jewellery
 b - a +6 ring of strength (left hand)
 e - a ring of protection from cold (right hand)
Scrolls
 a - 6 scrolls of identify
 h - a scroll of acquirement {unknown}
Potions
 d - a potion of curing
 f - a potion of heal wounds
 g - 2 potions of mutation

Dungeon Overview and Level Annotations

Branches:
Dungeon (4/15)
 Temple: D:4-7

Altars:

Shops:
D:4 *


Message History

The scorpion closely misses you.
You shoot an arrow. The arrow hits the scorpion.
The scorpion is severely wounded.
The scorpion barely misses you.
You shoot an arrow. The arrow hits the scorpion.
The scorpion is almost dead.
The scorpion misses you.
The scorpion stings you but does no damage.
You shoot an arrow. The arrow hits the scorpion.
You kill the scorpion!
Your Fighting skill increases to level 4!
You start resting.
HP restored.
You see here a scorpion corpse.
A hobgoblin, an ogre and a kobold brigand come into view.
The kobold brigand is wielding a +0 whip and quivering poisoned darts.
Found a copper ring.
The ogre shouts!
The hobgoblin moves out of view.
Enter note:
Enter note:
Enter note:
Enter note: You shoot an arrow.
The arrow hits the ogre!
The ogre is moderately wounded.
The kobold brigand throws a poisoned dart.
The poisoned dart hits you!
You shoot an arrow. The arrow hits the ogre.
The ogre is heavily wounded.
You shoot an arrow. The arrow barely misses the ogre.
The ogre hits you with a +0 giant club!!
Ouch! That really hurt!
You shoot an arrow. The arrow hits the ogre.
The ogre is severely wounded.
The ogre barely misses you.
You shoot an arrow. The arrow hits the ogre.
The ogre is almost dead.
The ogre hits you with a +0 giant club!!
Ouch! That really hurt!
You die...

#### ..# ##### ###
#.# #... ..#
.#.####.###.#####.#
................#.#
.....##%###.###.#.#
### #@# #.......###
#.KO.# #.........#
.#.#..###
#.###.###.# =#...#
#.# #.###.# .#.#.
#.# #.##..# ..##
#.# #.....# ### #.#
####..# .. #.# #..#
.######..#


You could see a kobold brigand and an ogre.

Vanquished Creatures
  Blork the orc (D:4)
  A scorpion (D:4)
  An adder (D:3)
  A worm (D:2)
  2 dart slugs
  4 orcs (D:3)
  4 ball pythons
  9 endoplasms
  6 giant cockroaches
  6 goblins
  4 hobgoblins
  7 kobolds
  6 quokkas
  A bat (D:3)
  A frilled lizard (D:3)
  5 rats
59 creatures vanquished.

Notes
Turn   | Place    | Note
-------+----------+-------------------------------------------
     0 | D:1      | qw the Gargoyle Hunter began the quest for the Orb.
     0 | D:1      | Reached XP level 1. HP: 12/12 MP: 1/1
     0 | D:1      | 0 ||| qw: Version: 0.2-a-29-g1fa15c8
     0 | D:1      | 0 ||| qw: Game counter: 5103
     0 | D:1      | 0 ||| qw: Always use a shield: true
     0 | D:1      | 0 ||| qw: God list: Okawaru
     0 | D:1      | 0 ||| qw: Allow faded altars: false
     0 | D:1      | 0 ||| qw: Do Orc after D:15 true
     0 | D:1      | 0 ||| qw: Do second Lair branch before Depths: true
     0 | D:1      | 0 ||| qw: Lair rune preference: random
     0 | D:1      | 0 ||| qw: Plans: Normal, Zot:1-4, Slime:5, God:TSO, Crypt,
                  | Tomb, Abyss, Pan, Hells, Win
     0 | D:1      | 0 ||| PLANNING D:1-11
   102 | D:1      | HP: 1/12 [hobgoblin (4)]
   222 | D:1      | Reached XP level 2. HP: 17/17 MP: 2/2
   611 | D:1      | Found a faded altar of an unknown god.
   687 | D:1      | Reached XP level 3. HP: 21/21 MP: 3/3
   723 | D:1      | 723 ||| READING scroll labelled ADIUQA FEOSCH.
   724 | D:1      | 724 ||| READING scroll labelled VARUID XETEQOI.
   725 | D:1      | 725 ||| READING scroll labelled URUETU TEB DOY.
   726 | D:1      | 726 ||| DROPPING scroll of butterflies.
   843 | D:2      | Reached skill level 5 in Ranged Weapons
  1622 | D:2      | 1622 ||| UPGRADING to +6 ring of strength.
  1623 | D:2      | 1623 ||| UPGRADING to ring of protection from cold.
  1624 | D:2      | 1624 ||| READING 5 scrolls labelled KOYHANTYIS.
  1625 | D:2      | 1625 ||| DRINKING 2 puce potions.
  1626 | D:2      | 1626 ||| DRINKING 2 yellow potions.
  1627 | D:2      | 1627 ||| READING 4 scrolls of identify.
  1627 | D:2      | 1627 ||| IDENTIFYING fuming silvery potion
  1674 | D:3      | Reached skill level 3 in Fighting
  1788 | D:3      | Reached XP level 4. HP: 28/28 MP: 4/4
  2158 | D:3      | 2158 ||| READING scroll of enchant weapon.
  2158 | D:3      | 2158 ||| ENCHANTING +1 shortbow.
  2223 | D:3      | 2223 ||| DROPPING scarf of shadows.
  2224 | D:3      | 2224 ||| DROPPING ring of wizardry.
  2225 | D:3      | 2225 ||| READING scroll labelled SUPUVALOEG.
  2303 | D:4      | Found Jicutudu's General Store.
  2306 | D:4      | 2306 ||| BUYING potion of heal wounds (70 gold).
  2306 | D:4      | Bought a potion of heal wounds for 70 gold pieces
  2435 | D:4      | Noticed Blork the orc
  2442 | D:4      | HP: 5/28 [Blork the orc/+5 halberd (4)]
  2443 | D:4      | 2443 ||| DRINKING 2 potions of heal wounds.
  2447 | D:4      | Killed Blork the orc
  2448 | D:4      | Reached skill level 6 in Ranged Weapons
  2448 | D:4      | Reached XP level 5. HP: 22/32 MP: 5/5
  2622 | D:4      | Noticed an ogre
  2622 | D:4      | Noticed a kobold brigand
  2627 | D:4      | Mangled by an ogre

Levels and vault maps discovered:
D:1:      psy_arrival_basics, layout_loops_cross,
          dreamdust_ecumenical_altar_hidden_monk_grotto
D:2:      layout_loops_corners
D:3:      layout_loops_ring
D:4:      layout_loops_corners, mainiacjoe_overflow_six_doors_small,
          serial_shops, shop, minmay_checkerbox, uniq_blork_the_orc

Skill      XL: |  1  2  3  4  5 |
---------------+----------------+-----
Ranged Weapons | 5 6 |  6.1
Fighting       | 3 4 |  4.0
Dodging        | |  1.5
Stealth        | |  1.1

Action                     |  1- 3 |  4- 6 || total
---------------------------+-------+-------++-------
   Fire: Shortbow          |   132 |    59 ||   191
    Use: Scroll            |     5 |     2 ||     7
         Potion            |     2 |     1 ||     3
 Armour: Leather armour    |    10 |     2 ||    12
  Dodge: Dodged            |    19 |    15 ||    34

Table legend:
 A = Non-vault XP
 B = Vault XP
 C = Vault XP percentage of total XP
 D = Non-vault monster count
 E = Vault monster count
 F = Vault count percentage of total count
                 A         B        C        D         E       F
            +---------+---------+-------+---------+---------+-------
      Total |     207 |     100 |  32.6 |      58 |       1 |   1.7
            +---------+---------+-------+---------+---------+-------
        D:1 |      34 |       0 |   0.0 |      18 |       0 |   0.0
        D:2 |      35 |       0 |   0.0 |      18 |       0 |   0.0
        D:3 |      43 |       0 |   0.0 |      17 |       0 |   0.0
        D:4 |      95 |     100 |  51.3 |       5 |       1 |  16.7
            +---------+---------+-------+---------+---------+-------
